 Dungeon Sprint DCSS version 0.30-a0-54-g2e61a25929 (webtiles) character file.

Game seed: 4254205982011788360

1967 Ankalagon the Peltast (level 9, -1/53 HPs)
             Began as a Gargoyle Fighter on Sept 8, 2022.
             Was an Initiate of Gozag.
             Slain by a yaktaur (14 damage)
             ... in the Dungeon (Sprint II: "The Violet Keep of Menkaure").
             The game lasted 00:05:12 (1623 turns).

Ankalagon the Peltast (Gargoyle Fighter)            Turns: 1623, Time: 00:05:13

Health: -1/53      AC: 14    Str: 16    XL:     9   Next: 19%
Magic:  9/9        EV: 13    Int:  9    God:    Gozag
Gold:   536        SH:  7    Dex:  9    Spells: 8/8 levels left

rFire   . . .      SeeInvis .    a - +0 flail
rCold   . . .      Faith    .    c - +0 buckler
rNeg    + . .      Spirit   .    b - +0 scale mail
rPois   ∞          Reflect  .    (no helmet)
rElec   +          Harm     .    (no cloak)
rCorr   .          Rampage  .    (no gloves)
Will    .....      Rage     3%   (no boots)
Stlth   .......... NoTele   +    (no amulet)
HPRegen 0.17/turn                o - +4 ring of protection
MPRegen 0.11/turn                k - +4 ring of evasion

@: unable to read
A: sickness immunity, AC +6, negative energy resistance 1, electricity
resistance, torment resistance 1, petrification resistance, berserk 1, clumsy 2,
deformed body, deterioration 1, weak 2, inability to read after injury 1
a: Renounce Religion, Potion Petition, Call Merchant, Bribe Branch


You were in the Dungeon.
You worshipped Gozag.
Gozag was pleased with you.
You visited 1 branch You collected 1890 gold pieces.
You spent 1354 gold pieces at shops.

Inventory:

Hand Weapons
 a - a +0 flail (weapon)
Armour
 b - a +0 scale mail (worn)
 c - a +0 buckler (worn)
Jewellery
 k - a +4 ring of evasion (right hand)
 o - a +4 ring of protection (left hand)
Scrolls
 j - a scroll of blinking
 q - a scroll of identify
Potions
 d - a potion of might
 e - a potion of curing
 g - a potion of haste
 h - 2 potions of magic
 i - a potion of invisibility
 l - a potion of lignification
 m - a potion of attraction
 n - a potion of berserk rage


   Skills:
 + Level 4.9 Fighting
 - Level 14.0 Maces & Flails
 + Level 4.9 Armour
 + Level 2.5 Dodging
 - Level 15.0 Shields


You had 8 spell levels left.
You didn't know any spells.
Your spell library was empty.

Dungeon Overview and Level Annotations

Branches:
Dungeon (1/1)

Altars:
Cheibriados
Dithmenos
Elyvilon
Fedhas
Gozag
Hepliaklqana
Kikubaaqudgha
Makhleb
Nemelex Xobeh
Okawaru
Qazlal
Ru
Sif Muna
Trog
Uskayaw
Vehumet
Wu Jian
Xom
Yredelemnul
Zin
The Shining One
Jiyva
Lugonu

Shops:
D ?=:([[(=!*:[=!:

Annotations:
D exclusion: oklob plant


Innate Abilities, Weirdness & Mutations

You are immune to sickness and miasma.
Your stone body is resilient. (AC +6)
You are immune to poison.
You resist negative energy. (rN+)
You are resistant to electric shocks. (rElec)
You are resistant to unholy torment.
You are immune to petrification.
You sometimes lose your temper in combat.
You are very clumsy. (Dex -4)
Armour fits poorly on your strangely shaped body.
Your body sometimes deteriorates upon taking damage.
You are very weak. (Str -4)
You occasionally lose the ability to read scrolls when taking damage.


Message History

Ouch! That really hurt!
The yaktaur shoots a bolt.
The bolt barely misses you.
There is an open door, spattered with blood here.
You close the door.
You start resting.
Something unseen opens the door.
You close the door.
Something unseen opens the door.
You close the door.
Something unseen opens the door.
You close the door.
Something unseen opens the door.
You close the door.
Something unseen breaks down the door.
It's broken and can't be closed.
It's broken and can't be closed.
The yaktaur unwields a +0 arbalest.
The yaktaur hits you.
You hit the yaktaur but do no damage. You sock the yaktaur!
The yaktaur is lightly wounded.
The yaktaur hits you.
You hit the yaktaur but do no damage.
The yaktaur is lightly wounded.
The yaktaur barely misses you.
You sock the yaktaur!
The yaktaur is moderately wounded.
The yaktaur hits you!
You feel threatened and lose the ability to read scrolls!
* * * LOW HITPOINT WARNING * * *
You hit the yaktaur.
The yaktaur is heavily wounded.
You barely miss the yaktaur.
The yaktaur is heavily wounded.
The yaktaur barely misses you.
You sock the yaktaur!
The yaktaur is severely wounded.
The yaktaur hits you but does no damage.
You hit the yaktaur.
The yaktaur is severely wounded.
You sock the yaktaur!
The yaktaur is almost dead.
The yaktaur hits you!
You die...
Your body crumbles into a pile of gold.

*$,,,,~##.°,,,,,**,~,,^,,***,,,*~
######~~#''○*+++*****,,,,*,**,,**
#####~~~...,,,..,*,,+,,,,*,,*,,*,
....#~~~~.##+##..*,$****,*,,*,,*,
....#~~~~##...##.####,$+.##.*,,*,
∩...#~~~~#..#..#,...#$,*...#****,
.∩..#~~####.).####..##**#..#*$#*,
∩.∩.#~##.###'###.##..#$,+..#,.#*,
.∩.∩#~#.#.##.##.@c#..#,,#^.#,.#*?
..!.'~+.##'.<.'.##'..###*..##.#▓[
...∩#~#..###.####.#....###...##▓▓
▓▓###~##.###'###.##......~~~~~~~~
#####~~####.#.####~~.....~#'#####
F$+,##~~~#..#..#~~~~~~~..~#_._._.
!.#+*#'#~##...##~~~~§~~~.~#._._._
(##≈*#(#~~##+##~~~§≈§~~~~~#_._._.
##≈≈~####~~~~~~~~~~§§≈≈~~~#._._._


You could see a yaktaur.

Vanquished Creatures
  A merfolk siren (D)
  2 polar bears (D)
  A hornet (D)
  A blink frog (D)
  4 neqoxecs (D)
  2 water moccasins (D)
  4 necrophages (D)
  3 worms (D)
18 creatures vanquished.

Vanquished Creatures (others)
  Menkaure (D)
1 creature vanquished.

Grand Total: 19 creatures vanquished

Notes
Turn   | Place    | Note
-------+----------+-------------------------------------------
     0 | D        | Ankalagon the Gargoyle Fighter began the quest for the Orb.
     0 | D        | Reached XP level 1. HP: 14/14 MP: 1/1
     1 | D        | Noticed a necrophage
     1 | D        | Noticed a necrophage
     1 | D        | Noticed a necrophage
     1 | D        | Noticed a necrophage
     9 | D        | Killed a necrophage
    10 | D        | Reached skill level 5 in Maces & Flails
    10 | D        | Reached skill level 6 in Shields
    10 | D        | Reached XP level 2. HP: 19/19 MP: 2/2
    10 | D        | Reached XP level 3. HP: 23/23 MP: 3/3
    10 | D        | Reached XP level 4. HP: 28/28 MP: 4/4
    14 | D        | Killed a necrophage
    15 | D        | Reached skill level 8 in Shields
    15 | D        | Reached XP level 5. HP: 32/32 MP: 5/5
    19 | D        | Reached skill level 9 in Shields
    27 | D        | Reached XP level 6. HP: 21/37 MP: 6/6
    45 | D        | Killed Menkaure
   157 | D        | Noticed a water moccasin
   164 | D        | Killed a water moccasin
   165 | D        | Reached skill level 10 in Shields
   178 | D        | Found an iron altar of Okawaru.
   178 | D        | Found an opulent altar of Gozag.
   179 | D        | Found a sparkling altar of Nemelex Xobeh.
   179 | D        | Found a blossoming altar of Fedhas.
   180 | D        | Found a radiant altar of Vehumet.
   180 | D        | Found a burning altar of Makhleb.
   180 | D        | Found a white marble altar of Elyvilon.
   181 | D        | Found a hide-covered altar of Uskayaw.
   181 | D        | Found a corrupted altar of Lugonu.
   181 | D        | Found a shadowy altar of Dithmenos.
   182 | D        | Found a glowing silver altar of Zin.
   182 | D        | Found a bloodstained altar of Trog.
   182 | D        | Found an ancient bone altar of Kikubaaqudgha.
   183 | D        | Found a basalt altar of Yredelemnul.
   183 | D        | Found a shimmering blue altar of Sif Muna.
   183 | D        | Found a viscous altar of Jiyva.
   184 | D        | Found a shimmering altar of Xom.
   184 | D        | Found a sacrificial altar of Ru.
   186 | D        | Found a glowing golden altar of the Shining One.
   186 | D        | Found an ornate altar of the Wu Jian Council.
   186 | D        | Found a stormy altar of Qazlal.
   186 | D        | Found a snail-covered altar of Cheibriados.
   186 | D        | Found a hazy altar of Hepliaklqana.
   190 | D        | Became a worshipper of Gozag Ym Sagoz the Greedy
   426 | D        | Noticed a neqoxec
   427 | D        | Noticed a neqoxec
   429 | D        | Gained mutation: Armour fits poorly on your strangely
                  | shaped body. [a neqoxec]
   431 | D        | Gained mutation: You are frail. (-10% HP) [a neqoxec]
   435 | D        | Gained mutation: You sometimes lose your temper in combat.
                  | [a neqoxec]
   439 | D        | Killed a neqoxec
   440 | D        | Reached skill level 10 in Maces & Flails
   440 | D        | Reached skill level 11 in Shields
   440 | D        | Gained mutation: You are partially covered in iridescent
                  | scales. (AC +2) [a neqoxec]
   446 | D        | Gained mutation: Your body sometimes deteriorates upon
                  | taking damage. [a neqoxec]
   451 | D        | Gained mutation: You have hidden genetic defects. [a
                  | neqoxec]
   453 | D        | Killed a neqoxec
   454 | D        | Reached skill level 12 in Shields
   454 | D        | Reached XP level 7. HP: 8/36 MP: 7/7
   468 | D        | Gained mutation: You are clumsy. (Dex -2) [hidden defects]
   688 | D        | Found Dun Qawn's Book Shop.
   690 | D        | Found Udo Mana's Distillery.
   690 | D        | Found Camoliec's Antique Armour Shop.
   690 | D        | Found Xaupsu's Jewellery Shop.
   690 | D        | Found Munigaxt's Assorted Antiques.
   690 | D        | Found Ukapheow's Book Boutique.
   690 | D        | Found Hokigups's Distillery.
   693 | D        | Found Verra's Jewellery Shop.
   693 | D        | Noticed a neqoxec
   694 | D        | Found Zapp's Antique Weapon Shop.
   694 | D        | Found Sitsi's Antique Armour Boutique.
   694 | D        | Noticed a neqoxec
   725 | D        | Killed a neqoxec
   726 | D        | Reached skill level 13 in Shields
   727 | D        | Gained mutation: You are weak. (Str -2) [a neqoxec]
   732 | D        | Gained mutation: You occasionally lose the ability to read
                  | scrolls when taking damage. [a neqoxec]
   733 | D        | Gained mutation: You are very weak. (Str -4) [hidden
                  | defects]
   733 | D        | Lost mutation: You have hidden genetic defects. [hidden
                  | defects expressed]
   734 | D        | Gained mutation: Your spells are a little easier to cast,
                  | but a little less powerful. [a neqoxec]
   745 | D        | Killed a neqoxec
   746 | D        | Reached XP level 8. HP: 16/41 MP: 8/8
  1119 | D        | Noticed a merfolk siren
  1141 | D        | Killed a merfolk siren
  1142 | D        | Reached skill level 14 in Shields
  1158 | D        | Found Nuhuyts's Antique Armour Shop.
  1158 | D        | Found Omalon's Weapon Boutique.
  1158 | D        | Noticed an oklob plant
  1159 | D        | Found Jyer's Jewellery Shop.
  1159 | D        | Found Fatryleq's Magic Scroll Boutique.
  1159 | D        | Found Zuligeewn's Book Shoppe.
  1162 | D        | Bought a potion of degeneration for 10 gold pieces
  1169 | D        | Noticed a cane toad
  1174 | D        | Noticed a cane toad
  1190 | D        | Bought a potion of heal wounds for 65 gold pieces
  1190 | D        | Bought a potion of invisibility for 104 gold pieces
  1190 | D        | Bought a potion of mutation for 104 gold pieces
  1190 | D        | Bought a potion of invisibility for 104 gold pieces
  1190 | D        | Bought a potion of lignification for 39 gold pieces
  1190 | D        | Bought a potion of attraction for 39 gold pieces
  1190 | D        | Bought a potion of berserk rage for 65 gold pieces
  1190 | D        | Lost mutation: You are partially covered in iridescent
                  | scales. (AC +2) [potion of mutation]
  1190 | D        | Lost mutation: Your spells are a little easier to cast, but
                  | a little less powerful. [potion of mutation]
  1190 | D        | Gained mutation: You are very clumsy. (Dex -4) [potion of
                  | mutation]
  1190 | D        | Lost mutation: You are frail. (-10% HP) [potion of
                  | mutation]
  1193 | D        | Bought a +4 ring of evasion for 360 gold pieces
  1193 | D        | Bought a +4 ring of protection for 360 gold pieces
  1202 | D        | Bought a scroll of magic mapping for 82 gold pieces
  1202 | D        | Bought a scroll of identify for 22 gold pieces
  1215 | D        | Noticed a blink frog
  1232 | D        | Killed a blink frog
  1420 | D        | Noticed a hornet
  1420 | D        | Noticed a polar bear
  1420 | D        | Noticed a polar bear
  1428 | D        | Noticed a yaktaur
  1440 | D        | Killed a hornet
  1441 | D        | Reached skill level 15 in Shields
  1450 | D        | Killed a polar bear
  1451 | D        | Reached skill level 1 in Dodging
  1451 | D        | Reached XP level 9. HP: 41/52 MP: 9/9
  1455 | D        | Killed a polar bear
  1623 | D        | Slain by a yaktaur

Illustrated notes

Levels and vault maps discovered:
D:        the_violet_keep_of_menkaure [sprint2_stairs_cluster_1,
          sprint2_shoproom, sprint2_temple, sprint2_basic_supplies,
          sprint2_obstacle_7, sprint2_obstacle_4, sprint2_obstacle_1,
          sprint2_obstacle_2, sprint2_obstacle_3, sprint2_timed_cluster_1,
          sprint2_smallroom_cluster_1, sprint2_smallroom_final_cluster_1,
          sprint2_transparent_cluster_1, sprint2_second_timed_cluster_1,
          sprint2_sniper_area_1, sprint2_heavy_combat_area_1,
          sprint2_mutation_trap_area_1, sprint2_forest_area_1,
          sprint2_light_combat_area_1, sprint2_behind_water_1,
          sprint2_near_end_vault_1]

Skill      XL: |  1  2  3  4  5  6  7  8  9 |
---------------+----------------------------+-----
Maces & Flails | 5 7 8 10 12 14 | 14.0
Shields        | 6 8 9 12 13 15 | 15.0
Fighting       | 4 |  4.9
Armour         | 4 |  4.9
Dodging        | 1 2 |  2.5

Action                   |  1- 3 |  4- 6 |  7- 9 || total
-------------------------+-------+-------+-------++-------
Melee: Flail             |     6 |    46 |   123 ||   175
  Use: Potion            |     1 |       |     4 ||     5
       Scroll            |       |       |     1 ||     1
 Stab: Invisible         |       |       |     5 ||     5
Armor: Scale mail        |     2 |    13 |    20 ||    35
Dodge: Dodged            |     1 |    13 |    33 ||    47
Block: Buckler           |       |     4 |    20 ||    24

Table legend: (Time is in decaauts)
 A = Elapsed time spent in this place.
 B = Non-inter-level travel time spent in this place.
 C = Inter-level travel time spent in this place.
 D = Time resting spent in this place.
 E = Time spent auto-exploring this place.
 F = Levels seen in this place.
 G = Mean time per level.
                   A        B        C        D        E       F      G
               +--------+--------+--------+--------+--------+-----+--------+
         Total |   1666 |   1663 |      3 |   1185 |      0 |   1 | 1666.0 |
       Dungeon |   1666 |   1663 |      3 |   1185 |      0 |   1 | 1666.0 |
               +--------+--------+--------+--------+--------+-----+--------+

Top non-repeatable levels by time:
       D: 1666 daAuts
